 Dungeon Crawl Stone Soup version 0.30-a0-883-g5ad918d77d (webtiles) character file.

Game seed: 9839491131453184342

74403 holysushi the Black Belt (level 15, -3/91 (96) HPs)
             Began as a Vampire Monk on Mar 17, 2023.
             Was the Champion of Ru.
             Slain by a very large slime creature (64 damage)
             ... on level 1 of the Pits of Slime.
             The game lasted 00:52:22 (32185 turns).

holysushi the Black Belt (Vampire Monk)            Turns: 32185, Time: 00:52:22

HP:   -3/91 (96)    AC:  0    Str: 10    XL:     15   Next: 6%
MP:   15/15         EV: 44    Int: 12    God:    Ru [******]
Gold: 1319          SH:  5    Dex: 28    Spells: 14/14 levels left

rFire   . . .      SeeInvis +      - Unarmed
rCold   + + .      Faith    .    (shield unavailable)
rNeg    + + +      Spirit   .    a - melded +0 robe
rPois   ∞          Reflect  +    (helmet currently unavailable)
rElec   .          Rampage  .    (cloak currently unavailable)
rCorr   .                        (gloves currently unavailable)
Will    ++...                    (boots currently unavailable)
Stlth   ++++++++++               O - amulet "Giesuar" {Reflect Will+ SH+5 Stlth+}
HPRegen 0.00/turn                (ring unavailable)
MPRegen 0.14/turn                (ring currently unavailable)

@: bat-form, flying, bloodless, inhibited regen, studying Unarmed Combat,
drained, very quick
A: fast, flying, no casting, tiny, bloodless, fangs 3, see invisible, dopey 1,
missing a hand, inability to train armour, no air magic, no necromancy magic, no
transmutations magic, missing an eye, vampiric 2, (berserk 1)
a: Revivify, End Transformation, Renounce Religion, Draw Out Power, Power Leap,
Apocalypse


You were on level 1 of the Pits of Slime.
You worshipped Ru.
Ru was exalted by your worship.
You were a vampire bat.
You visited 6 branches of the dungeon, and saw 26 of its levels.
You also visited: Ice Cave and Volcano.

You collected 2235 gold pieces.
You spent 916 gold pieces at shops.

Inventory:

Armour
 a - a +0 robe (melded)
Jewellery
 d - a ring of poison resistance
 g - a ring of willpower
 p - a ring of fire
 u - a +6 ring of intelligence
 x - a +6 ring of strength
 A - a ring of protection from fire
 B - a ring of willpower
 D - a ring of ice
 I - a +6 ring of dexterity
 O - the amulet "Giesuar" (around neck) {Reflect Will+ SH+5 Stlth+}
   (You bought it in a shop on level 1 of the Snake Pit)

   [amulet of reflection]

   It reflects blocked missile attacks.
   SH:        It affects your SH (+5).
   Will:      It increases your willpower.
   Stlth:     It makes you more stealthy.
Wands
 h - a wand of polymorph (15)
 l - a wand of quicksilver (9)
 n - a wand of roots (2)
 t - a wand of paralysis (8)
 N - a wand of digging (4)
 P - a wand of flame (8)
Scrolls
 s - 2 scrolls of blinking
 w - a scroll of poison
 y - 5 scrolls of fog
 z - 4 scrolls of fear
 C - 2 scrolls of magic mapping
 E - a scroll of enchant weapon
 F - 2 scrolls of teleportation
 H - a scroll of amnesia
 J - a scroll of butterflies
 K - 4 scrolls of identify
Potions
 b - 4 potions of ambrosia
 c - 5 potions of brilliance
 e - 4 potions of mutation
 f - 4 potions of invisibility
 i - a potion of magic
 j - 7 potions of curing
 k - 4 potions of lignification
 m - 6 potions of attraction
 o - a potion of berserk rage
 q - 5 potions of heal wounds
 r - 6 potions of flight
 v - 2 potions of degeneration
 G - 5 potions of haste
 L - a potion of might
 M - a potion of cancellation


   Skills:
 - Level 12.0 Fighting
 + Level 16.8 Dodging
 - Level 15.0 Stealth
 - Level 18.0 Unarmed Combat
 + Level 8.5 Evocations


You had 14 spell levels left.
You didn't know any spells.
Your spell library contained the following spells:

 Spells                   Type           Power      Damage    Failure   Level
 Freeze                   Ice            0%         1d3       32%         1
 Ensorcelled Hibernation  Hex/Ice        0%         N/A       45%         2
 Lesser Beckoning         Tloc           0%         N/A       45%         2
 Call Canine Familiar     Summ           0%         N/A       69%         3
 Frozen Ramparts          Ice            0%         1d1       69%         3
 Gell's Gravitas          Tloc           0%         N/A       69%         3
 Hailstorm                Conj/Ice       0%         3d3       69%         3
 Portal Projectile        Hex/Tloc       0%         N/A       69%         3
 Stone Arrow              Conj/Erth      0%         3d7       69%         3
 Teleport Other           Tloc           0%         N/A       69%         3
 Tukima's Dance           Hex            0%         N/A       69%         3
 Animate Armour           Summ/Erth      0%         N/A       97%         4
 Cause Fear               Hex            0%         N/A       97%         4
 Leda's Liquefaction      Hex/Erth       0%         N/A       97%         4
 Olgreb's Toxic Radiance  Pois           0%         N/A       97%         4
 Summon Ice Beast         Ice/Summ       0%         N/A       97%         4
 Summon Mana Viper        Hex/Summ       0%         N/A       100%        5
 Enfeeble                 Hex            0%         N/A       100%        7
 Monstrous Menagerie      Summ           0%         N/A       100%        7
 Lehudib's Crystal Spear  Conj/Erth      0%         10d2      100%        8
 Dragon's Call            Summ           0%         N/A       100%        9
 Sting                    Tmut/Pois      Unusable   1d3       N/A         1
 Poisonous Vapours        Pois/Air       Unusable   N/A       N/A         2
 Spider Form              Tmut/Pois      Unusable   N/A       N/A         3
 Vhi's Electric Charge    Tloc/Air       Unusable   N/A       N/A         3
 Anguish                  Hex/Necr       Unusable   N/A       N/A         4
 Ice Form                 Ice/Tmut       Unusable   N/A       N/A         4
 Alistair's Intoxication  Tmut/Pois      Unusable   N/A       N/A         5
 Arcjolt                  Conj/Air       Unusable   1d10      N/A         5
 Blade Hands              Tmut           Unusable   N/A       N/A         5
 Borgnjor's Vile Clutch   Necr/Erth      Unusable   N/A       N/A         5
 Yara's Violent Unravell  Hex/Tmut       Unusable   3d3       N/A         5
 Eringya's Noxious Bog    Tmut/Pois      Unusable   N/A       N/A         6
 Simulacrum               Ice/Necr       Unusable   N/A       N/A         6
 Dragon Form              Tmut           Unusable   N/A       N/A         7
 Maxwell's Capacitive Co  Air            Unusable   ∞         N/A         8

Dungeon Overview and Level Annotations

Branches:
Dungeon (13/15) Zot: 24797  Temple (1/1) D:5 Zot: 5784    Lair (5/5) D:11 Zot: 24311
 Shoals (0/4) Lair:2        Snake (2/4) Lair:2 Zot: 10318   Slime (3/5) Lair:5 Zot: 17650
    Orc (2/2) D:9 Zot: 10239     Elf (0/3) Orc:2         IceCv (visited)
Volcano (visited)
 Vaults: D:13-14

Altars:
Ashenzari
Cheibriados
Dithmenos
Fedhas
Gozag
Hepliaklqana
Kikubaaqudgha
Makhleb
Nemelex Xobeh
Okawaru
Qazlal
Ru
Sif Muna
Trog
Uskayaw
Vehumet
Wu Jian
Xom
Yredelemnul

Shops:
Orc:1 *   Orc:2 ([(:?   Snake:1 *

Annotations:
D:7 exclusions: ugly thing and vampire mosquito
D:13 2 transporters, Frances
Snake:2 Mlioglotl, Vashnia
Orc:2 2 runed translucent doors, exclusion: orange crystal statue


Innate Abilities, Weirdness & Mutations

You are a vampire bat.
You are tiny and dextrous.
You move quickly.
You are flying.
You are immune to poison.
Your equipment is almost entirely melded.
You are incapable of wielding weapons or throwing items.
You cannot cast spells.
You do not regenerate when monsters are visible.
You are frail without blood (-20% HP).
You can heal yourself when you bite living creatures.
You are immune to poison.
You have razor-sharp teeth.
You have supernaturally acute eyesight. (SInv)
You are dopey. (Int -2)
You are missing a hand.
You cannot train Armour skill.
You cannot study or cast Air magic.
You cannot study or cast Necromancy magic.
You cannot study or cast Transmutations magic.
You are missing an eye, making it more difficult to aim.
You are afflicted with vampirism and can become a bat while bloodless.
((You sometimes lose your temper in combat.))


Message History

You bite the slime creature! Your bite misses the slime creature.
The slime creature is moderately wounded.
You block the slime creature's attack.
You bite the slime creature!
The slime creature is heavily wounded.
The slime creature completely misses you.
You maul the slime creature!!
The slime creature is almost dead.
Two slime creatures merge to form a large slime creature.
You hit the slime creature.
The slime creature is almost dead.
You block the slime creature's attack.
The slime creature completely misses you.
You barely miss the slime creature.
The slime creature is almost dead.
The slime creature completely misses you.
You bite the slime creature!
You kill the slime creature!
The slime creature hits you!
You hit the slime creature but do no damage.
You block the slime creature's attack.
Two slime creatures merge to form a very large slime creature.
You bite the very large slime creature!
The very large slime creature is lightly wounded.
You hit the very large slime creature. You bite the very large slime creature.
The very large slime creature is lightly wounded.
The very large slime creature completely misses you.
The slime creature completely misses you.
You hit the very large slime creature. You bite the very large slime creature.
The very large slime creature is lightly wounded.
You block the slime creature's attack.
The very large slime creature completely misses you.
There is a stone staircase leading up here.
The slime creature barely misses you.
The very large slime creature completely misses you.
You fly upwards.
There is a stone staircase leading down here.
The very large slime creature hits you!!!
Ouch! That really hurt!
You die...

.........<.....#
.#..............
###.......#......
#.#........#.....
..................
...#............##
....#...........#
.................
.........b.......
........>J.......
........J........
.........#.......
.................
.##..............
......#....#....
.......#........
....... ........


You could see a very large slime creature and a slime creature.

Vanquished Creatures
  Aizul (Snake:1)
  2 quicksilver oozes
  An orc warlord (Orc:2)
  A reaper (IceCv)
  Azrael (Orc:2)
  Snorg (Lair:3)
  A rakshasa (D:12)
  Erolcha (Orc:2)
  Fannar (Orc:1)
  5 hydras
  An anaconda (Snake:1)
  4 two-headed ogres
  A naga warrior (Snake:1)
  A tengu warrior (D:13)
  A shock serpent (Snake:1)
  3 naga sharpshooters (Snake:1)
  A hell knight (Volcano)
  A skyshark (Lair:2)
  An orc knight (Orc:2)
  An oklob plant (D:11)
  3 orc sorcerers (Orc:2)
  4 cyclopes
  3 shining eyes
  3 mana vipers (Snake:1)
  13 black mambas
  A salamander (Snake:1)
  7 elephants (Lair:5)
  A guardian serpent (Snake:1)
  2 ice statues (IceCv)
  A naga mage (Snake:1)
  A torpor snail (Lair:5)
  6 cane toads
  An eye of devastation (Slime:3)
  3 kobold demonologists
  8 komodo dragons
  3 anaconda simulacra (IceCv)
  A rime drake (Lair:3)
  2 freezing wraiths (IceCv)
  2 ice devils (IceCv)
  A tengu conjurer (D:13)
  4 trolls
  6 hornets
  2 meliai (D:13)
  4 polar bears (Lair:5)
  15 dream sheep
  7 blink frogs
  17 slime creatures
  14 spriggans (Lair:5)
  Sigmund (D:3)
  2 shadows
  2 wraiths
  6 wyverns
  2 dire elephant simulacra (IceCv)
  Grum (D:9)
  23 yaks
  2 fire elementals (Orc:2)
  4 steam dragons
  2 basilisks
  5 wargs
  A harpy simulacrum (IceCv)
  2 acid dragons
  11 nagas
  4 hell hounds (Orc:2)
  8 water moccasins
  4 hydra simulacra (IceCv)
  3 ice beasts
  28 orc warriors
  A sky beast (D:7)
  4 boggarts
  4 ogres
  2 black bears (Lair:5)
  35 wolves
  6 centaurs
  9 kobold brigands
  Blork the orc (D:4)
  A gnoll sergeant (D:11)
  7 bullfrogs
  2 scorpions
  A cane toad simulacrum (IceCv)
  6 wights
  16 killer bees
  An elephant simulacrum (IceCv)
  5 howler monkeys
  3 hounds
  5 jellies
  4 gnoll boudas
  19 orc priests
  An iguana (D:5)
  Ijyb (D:4)
  28 orc wizards
  2 sleepcaps
  2 hell rats (Lair:3)
  Terence (D:3)
  2 polar bear simulacra (IceCv)
  A wolf simulacrum (IceCv)
  20 gnolls
  6 adders
  A naga simulacrum (IceCv)
  10 river rats (Lair:3)
  15 white imps
  2 ufetubi
  A worm (D:5)
  3 dart slugs
  75 orcs
  5 endoplasms
  2 giant cockroaches
  14 goblins
  4 hobgoblins
  3 jackals (D:4)
  6 quokkas
  7 ball pythons
  4 bats
  6 frilled lizards
  24 kobolds
  5 rats
659 creatures vanquished.

Vanquished Creatures (others)
  A rockslime (Lair:5)
  A hydra (Lair:5)
  A naga ritualist (Snake:1)
  A naga mage (Snake:1)
  A cane toad (Lair:4)
  A meliai (D:13)
  A blink frog (Lair:2)
  A shadow (D:9)
  3 wolves
  A kobold (D:11)
  16 fungi
  51 plants
79 creatures vanquished.

Grand Total: 738 creatures vanquished

Notes
Turn   | Place    | Note
-------+----------+-------------------------------------------
     0 | D:1      | holysushi the Vampire Monk began the quest for the Orb.
     0 | D:1      | Reached XP level 1. HP: 17/17 MP: 1/1
   213 | D:1      | Reached XP level 2. HP: 17/23 MP: 2/2
   215 | D:1      | Reached skill level 4 in Unarmed Combat
  1248 | D:2      | Gained mutation: You are afflicted with vampirism and can
                  | become a bat while bloodless. [Vampire growth]
  1248 | D:2      | Reached XP level 3. HP: 28/28 MP: 3/3
  1527 | D:2      | Reached skill level 5 in Unarmed Combat
  1741 | D:2      | Reached XP level 4. HP: 14/27 MP: 4/4
  1745 | D:2      | Found a faded altar of an unknown god.
  2017 | D:3      | Noticed Sigmund
  2069 | D:3      | Killed Sigmund
  2070 | D:3      | Reached skill level 7 in Unarmed Combat
  2070 | D:3      | Reached XP level 5. HP: 22/31 MP: 5/5
  2538 | D:3      | Noticed Terence
  2545 | D:3      | Killed Terence
  2546 | D:3      | Reached XP level 6. HP: 14/36 MP: 6/6
  3034 | D:4      | Found an opulent altar of Gozag.
  3043 | D:4      | Noticed Ijyb
  3063 | D:4      | Killed Ijyb
  3180 | D:4      | Found an ornate altar of the Wu Jian Council.
  3266 | D:4      | Found a shimmering altar of Xom.
  3342 | D:4      | Noticed Blork the orc
  3356 | D:4      | Killed Blork the orc
  3675 | D:5      | Entered Level 5 of the Dungeon
  3782 | D:5      | Found a staircase to the Ecumenical Temple.
  3797 | Temple   | Entered the Ecumenical Temple
  3815 | Temple   | Became a worshipper of Ru the Awakened
  3829 | Temple   | Gained mutation: You cannot train Armour skill. [Ru
                  | sacrifice]
  3829 | Temple   | Reached * piety under Ru
  3974 | D:5      | Noticed a kobold demonologist
  3982 | D:5      | Noticed a kobold demonologist
  3999 | D:5      | Reached skill level 8 in Unarmed Combat
  4140 | D:5      | Reached XP level 7. HP: 8/40 MP: 7/7
  4365 | D:5      | Reached skill level 5 in Dodging
  4550 | D:5      | Noticed an orange demon
  5124 | D:5      | Noticed a smoke demon
  5124 | D:5      | Noticed an orange demon
  5275 | D:5      | Noticed an orange demon
  5277 | D:5      | Killed a kobold demonologist
  5278 | D:5      | Reached skill level 5 in Stealth
  5278 | D:5      | Reached skill level 9 in Unarmed Combat
  5278 | D:5      | Reached XP level 8. HP: 30/48 MP: 8/8
  5345 | D:5      | Noticed a sun demon
  5351 | D:5      | Killed a kobold demonologist
  5804 | D:6      | HP: 1/48 [ogre/+0 giant club (23)]
  5816 | D:6      | Reached skill level 10 in Unarmed Combat
  6328 | D:6      | Reached skill level 1 in Evocations
  6432 | D:6      | Noticed a troll
  6510 | D:6      | Killed a troll
  6511 | D:6      | Reached skill level 5 in Fighting
  6511 | D:6      | Reached XP level 9. HP: 34/54 MP: 9/9
  7000 | D:7      | Found an iron altar of Okawaru.
  7138 | D:7      | Noticed a cyan ugly thing
  7420 | D:7      | Reached skill level 11 in Unarmed Combat
  7680 | D:7      | Gained mutation: You are missing an eye, making it more
                  | difficult to aim. [Ru sacrifice]
  7680 | D:7      | Reached ** piety under Ru
  9361 | D:8      | Reached skill level 12 in Unarmed Combat
  9506 | D:9      | Found a staircase to the Orcish Mines.
 10572 | D:9      | Reached XP level 10. HP: 60/60 MP: 10/10
 10697 | D:9      | Noticed a two-headed ogre
 10717 | D:9      | Killed a two-headed ogre
 10919 | D:9      | Reached skill level 5 in Evocations
 11025 | D:9      | Found a shimmering blue altar of Sif Muna.
 11326 | D:9      | Reached skill level 13 in Unarmed Combat
 11716 | D:9      | Reached skill level 10 in Stealth
 11964 | D:9      | Noticed a two-headed ogre
 12481 | D:9      | Noticed Grum
 12497 | D:9      | Killed Grum
 12916 | D:9      | Killed a two-headed ogre
 12917 | D:9      | Reached skill level 14 in Unarmed Combat
 13069 | D:10     | Entered Level 10 of the Dungeon
 13639 | D:10     | Gained mutation: You are dopey. (Int -2) [Ru sacrifice]
 13639 | D:10     | Reached *** piety under Ru
 13737 | D:9      | Reached XP level 11. HP: 61/67 MP: 11/11
 14658 | D:11     | Found a staircase to the Lair.
 14967 | D:11     | Noticed an oklob plant
 15872 | D:11     | You are sucked into a shaft and drop 2 floors!
 15880 | D:13     | Found a transporter.
 15896 | D:13     | Identified the +6 chain mail "Fyodih" {*Slow Int+7 Stlth+}
 15897 | D:13     | Found a transporter.
 15974 | D:12     | Found a frozen archway.
 16172 | IceCv    | Entered an ice cave
 17178 | IceCv    | Reached skill level 15 in Unarmed Combat
 17264 | IceCv    | Gained mutation: You are missing a hand. [Ru sacrifice]
 17264 | IceCv    | Reached **** piety under Ru
 17264 | IceCv    | Reached ***** piety under Ru
 18162 | IceCv    | Noticed a reaper
 18166 | IceCv    | Killed a reaper
 18299 | D:12     | Noticed a rakshasa
 18316 | D:12     | Killed a rakshasa
 18317 | D:12     | Reached skill level 10 in Dodging
 18317 | D:12     | Reached XP level 12. HP: 62/72 MP: 3/12
 18703 | D:12     | Noticed a two-headed ogre
 18736 | D:12     | Killed a two-headed ogre
 19631 | Lair:1   | Entered Level 1 of the Lair of Beasts
 20061 | Lair:1   | Found a dark tunnel.
 20066 | Volcano  | Entered a volcano
 20112 | Volcano  | Noticed a two-headed ogre
 20124 | Volcano  | Killed a two-headed ogre
 20190 | Volcano  | Noticed a two-headed ogre
 20193 | Volcano  | Noticed an ogre mage
 20769 | Lair:2   | Gained mutation: You cannot study or cast Air magic. [Ru
                  | sacrifice]
 20769 | Lair:2   | Gained mutation: You cannot study or cast Transmutations
                  | magic. [Ru sacrifice]
 20769 | Lair:2   | Gained mutation: You cannot study or cast Necromancy magic.
                  | [Ru sacrifice]
 20769 | Lair:2   | Reached ****** piety under Ru
 20835 | Lair:2   | Noticed an eight-headed hydra
 20853 | Lair:2   | Killed an eight-headed hydra
 21161 | Lair:2   | Found a staircase to the Shoals.
 21236 | Lair:2   | Found a staircase to the Snake Pit.
 21496 | Lair:3   | Reached skill level 15 in Dodging
 21552 | Lair:3   | Reached XP level 13. HP: 60/73 MP: 13/13
 21806 | Lair:3   | You are sucked into a shaft and drop 2 floors!
 21806 | Lair:5   | Entered Level 5 of the Lair of Beasts
 23396 | Lair:5   | Reached skill level 10 in Fighting
 23469 | Lair:5   | Found a staircase to the Slime Pits.
 23837 | Lair:5   | Found the +2 pair of slick slippers {slick, slippery, EV+5}
 23883 | Lair:5   | Reached skill level 15 in Stealth
 23899 | Lair:5   | Reached skill level 16 in Unarmed Combat
 24072 | Lair:5   | Reached skill level 17 in Unarmed Combat
 24801 | Lair:3   | Noticed Snorg
 24863 | Lair:3   | Killed Snorg
 24864 | Lair:3   | Reached XP level 14. HP: 65/88 MP: 14/14
 25557 | Orc:1    | Entered Level 1 of the Orcish Mines
 25568 | Orc:1    | Found Qahuyv's General Store.
 25577 | Orc:1    | Bought a potion of haste for 110 gold pieces
 25674 | Orc:2    | Entered Level 2 of the Orcish Mines
 25875 | Orc:2    | Found Wemaol's Weapon Boutique.
 25942 | Orc:2    | Found a runed translucent door.
 26121 | Orc:2    | Found the +10 tower shield of Ignorance {rN+ Int-4}
 26135 | Orc:2    | Noticed Erolcha
 26143 | Orc:2    | Found a runed translucent door.
 26173 | Orc:2    | Killed Erolcha
 26321 | Orc:2    | Noticed an orc warlord
 26344 | Orc:2    | Killed an orc warlord
 26427 | Orc:2    | Found Foemidif's Antique Weapon Shop.
 26440 | Orc:2    | Found Nigip's Antique Armour Boutique.
 26560 | Orc:2    | Found Runtiasch's Book Emporium.
 26666 | Orc:2    | Noticed Azrael
 26738 | Orc:1    | Noticed Fannar
 26934 | Orc:2    | Killed Azrael
 27031 | Orc:2    | Found a staircase to the Elven Halls.
 27048 | Orc:2    | Found Ystrousch's Magic Scroll Emporium.
 27081 | Orc:2    | Bought a scroll of identify for 30 gold pieces
 27081 | Orc:2    | Bought a scroll of identify for 30 gold pieces
 27081 | Orc:2    | Bought a scroll of identify for 30 gold pieces
 27081 | Orc:2    | Bought a scroll of fog for 60 gold pieces
 27081 | Orc:2    | Bought a scroll of magic mapping for 112 gold pieces
 27081 | Orc:2    | Bought a scroll of teleportation for 45 gold pieces
 27417 | Orc:1    | Killed Fannar
 28206 | D:13     | Identified the +2 ring mail of the Dozen Visions {*Slow rC+
                  | rCorr Int+2}
 28606 | D:13     | Noticed Frances
 28733 | Snake:1  | Entered Level 1 of the Snake Pit
 29440 | Snake:1  | Found a sparkling altar of Nemelex Xobeh.
 29445 | Snake:1  | Noticed Aizul
 29473 | Snake:1  | Killed Aizul
 30927 | Snake:1  | Found Vigo Lua's Neck Hole.
 30935 | Snake:1  | Bought the amulet "Giesuar" {Reflect Will+ SH+5 Stlth+} for
                  | 499 gold pieces
 31281 | Snake:2  | Noticed Vashnia
 31282 | Snake:2  | Noticed Mlioglotl
 31720 | Slime:1  | Entered Level 1 of the Pits of Slime
 31720 | Slime:1  | Noticed a quicksilver ooze
 31721 | Slime:1  | Killed a quicksilver ooze
 31722 | Slime:1  | Reached skill level 18 in Unarmed Combat
 31927 | Slime:3  | Noticed a quicksilver ooze
 31935 | Slime:3  | Killed a quicksilver ooze
 31936 | Slime:3  | Reached XP level 15. HP: 78/84 MP: 6/15
 31945 | Slime:3  | Gained mutation: Your flesh is heat resistant. (rF+) [a
                  | shining eye]
 31967 | Slime:3  | Gained mutation: You are very dopey. (Int -4) [a shining
                  | eye]
 31969 | Slime:3  | Gained mutation: You occasionally lose the ability to drink
                  | potions when taking damage. [a shining eye]
 31972 | Slime:3  | Gained mutation: Your body sometimes deteriorates upon
                  | taking damage. [a shining eye]
 31994 | Slime:3  | Lost mutation: Your flesh is heat resistant. (rF+) [potion
                  | of mutation]
 31994 | Slime:3  | Lost mutation: Your body sometimes deteriorates upon taking
                  | damage. [potion of mutation]
 31994 | Slime:3  | Gained mutation: You are vulnerable to cold. (rC-) [potion
                  | of mutation]
 31994 | Slime:3  | Lost mutation: You are very dopey. (Int -4) [potion of
                  | mutation]
 31994 | Slime:3  | Gained mutation: You are very dopey. (Int -4) [potion of
                  | mutation]
 31994 | Slime:3  | Lost mutation: You are very dopey. (Int -4) [potion of
                  | mutation]
 31995 | Slime:3  | Lost mutation: You are vulnerable to cold. (rC-) [potion of
                  | mutation]
 31995 | Slime:3  | Lost mutation: You occasionally lose the ability to drink
                  | potions when taking damage. [potion of mutation]
 31995 | Slime:3  | Gained mutation: You sometimes lose your temper in combat.
                  | [potion of mutation]
 32008 | Slime:3  | Noticed a rockslime
 32068 | Lair:5   | Killed a rockslime
 32185 | Slime:1  | Slain by a very large slime creature

Illustrated notes

Levels and vault maps discovered:
D:1:      lemuel_arrival_hallway, layout_basic
D:2:      minmay_alternating_diamond, layout_rooms,
          ebering_ecumenical_altar_webs, kennysheep_generic_room_3
D:3:      layout_basic, uniq_sigmund, uniq_terence
D:4:      layout_gridville, mainiacjoe_overflow_cross_hatched,
          mainiacjoe_overflow_24_doors, grunt_gozag_statues, uniq_ijyb,
          uniq_blork_the_orc
D:5:      layout_loops_ring, temple_pool_b
D:6:      minmay_chambers_of_fours, layout_basic, minmay_ogre_servants
D:7:      kennysheep_big_flooded_room, layout_basic,
          mainiacjoe_overflow_brackets
D:8:      layout_loops_ring, chequers_serial_rivers_micro_b, minmay_manual_mares
D:9:      layout_small_grid, kennysheep_mini, david_orc_3,
          kennysheep_generic_room_6, uniq_grum
D:10:     layout_irregular_city
D:11:     layout_big_octagon, dpeg_oklobed_lair
D:12:     layout_irregular_city, portal_ice_cave_entry_imps
D:13:     layout_basic, david_vaults_2, serial_bayou_lagoon_a,
          chequers_serial_rivers_large_a, nicolae_transporter_intersection,
          uniq_frances, uniq_nessos
Temple:   sentei_temple_godly_chess
Lair:1:   layout_hall_layers, enter_volcano_4, lemuel_fruit_fields
Lair:2:   layout_misc_corridors, elwin_shoals_entry_rocks,
          nicolae_snake_entry_squirm
Lair:3:   layout_cave_shapes, nicolae_quartered_pool_little, minivault_11,
          kennysheep_rathole, uniq_snorg
Lair:4:   layout_hall_layers, minmay_holes
Lair:5:   minmay_lair_end_enchanted_forest, layout_cave_pods, slime_entry_1
Snake:1:  layout_layer_cave, basic_altar, nicolae_shop_sticking_my_neck_out,
          uniq_aizul
Snake:2:  layout_chambers, nicolae_shop_clearance, uniq_mlioglotl, uniq_vashnia
Slime:1:  layout_caves
Slime:2:  layout_caves, cheibrodos_slime_lost_civilization_4
Slime:3:  layout_caves
Orc:1:    layout_caves, serial_shops, shop, uniq_fannar
Orc:2:    grunt_orc_community_town_hall, layout_diamond_mine,
          grunt_orc_community_big_house_2, grunt_orc_community_big_house_1,
          grunt_orc_community_house_1, grunt_orc_community_house_2,
          grunt_orc_community_house_3, grunt_orc_community_house_2,
          grunt_orc_community_house_1, serial_shops, nicolae_shop_stone,
          chequers_guarded_unrand_ignorance, uniq_azrael, uniq_erolcha

Skill      XL: |  1  2  3  4  5  6  7  8  9 10 11 12 13 14 15 |
---------------+----------------------------------------------+-----
Unarmed Combat | 4 5 7 8 9 10 12 14 15 17 18 | 18.0
Dodging        | 4 5 6 10 15 16 | 16.8
Fighting       | 4 5 6 7 8 10 11 12 | 12.0
Stealth        | 5 6 8 10 15 | 15.0
Evocations     | 2 4 5 6 8 |  8.5

Action                     |  1- 3 |  4- 6 |  7- 9 | 10-12 | 13-15 || total
---------------------------+-------+-------+-------+-------+-------++-------
  Melee: Unarmed           |   134 |   154 |   455 |   962 |  1115 ||  2820
         Bite              |    15 |    18 |    79 |   179 |   197 ||   488
         Punch             |     1 |       |       |       |       ||     1
 Invoke: Sacrifice Durabil |       |     1 |       |       |       ||     1
         Sacrifice an Eye  |       |       |     1 |       |       ||     1
         Sacrifice Purity  |       |       |       |     1 |       ||     1
         Power Leap        |       |       |       |     8 |     2 ||    10
         Apocalypse        |       |       |       |     5 |    13 ||    18
         Sacrifice a Hand  |       |       |       |     1 |       ||     1
         Sacrifice Arcana  |       |       |       |     1 |       ||     1
Ability: Bat Form          |     1 |       |       |       |       ||     1
         Exsanguinate      |     1 |       |       |       |       ||     1
  Evoke: Wand              |       |       |     9 |    14 |    13 ||    36
    Use: Scroll            |       |    10 |     3 |     8 |     7 ||    28
         Potion            |       |       |       |     3 |     3 ||     6
   Stab: Sleeping          |     8 |    12 |    17 |    41 |    19 ||    97
         Distracted        |       |       |     6 |    14 |    16 ||    36
         Paralysed         |       |       |     7 |    16 |    24 ||    47
         Invisible         |       |       |     4 |    10 |    18 ||    32
         Confused          |       |       |       |     2 |       ||     2
 Armour: Robe              |    15 |       |       |       |       ||    15
  Dodge: Dodged            |   111 |    99 |   320 |   763 |   938 ||  2231
  Block: Other             |       |       |       |       |    30 ||    30

Table legend: (Time is in decaauts)
 A = Elapsed time spent in this place.
 B = Non-inter-level travel time spent in this place.
 C = Inter-level travel time spent in this place.
 D = Time resting spent in this place.
 E = Time spent auto-exploring this place.
 F = Levels seen in this place.
 G = Mean time per level.
                   A        B        C        D        E       F      G
               +--------+--------+--------+--------+--------+-----+--------+
         Total |  25307 |  24344 |    963 |  10367 |   8268 |  28 |  903.8 |
       Dungeon |  14733 |  14223 |    510 |   6359 |   4909 |  13 | 1133.3 |
        Temple |    215 |    215 |      0 |    191 |     10 |   1 |  215.0 |
          Lair |   4609 |   4387 |    222 |   1257 |   2077 |   5 |  921.8 |
     Snake Pit |   1681 |   1532 |    149 |    477 |    608 |   2 |  840.5 |
    Slime Pits |    348 |    341 |      7 |    167 |      0 |   3 |  116.0 |
  Orcish Mines |   1761 |   1687 |     74 |    536 |    629 |   2 |  880.5 |
      Ice Cave |   1861 |   1861 |      0 |   1378 |      7 |   1 | 1861.0 |
       Volcano |     95 |     95 |      0 |      0 |     26 |   1 |   95.0 |
               +--------+--------+--------+--------+--------+-----+--------+

Top non-repeatable levels by time:
     D:8: 2066 daAuts
   IceCv: 1861 daAuts
     D:9: 1666 daAuts
    D:11: 1593 daAuts
 Snake:1: 1592 daAuts
    D:10: 1529 daAuts
  Lair:5: 1385 daAuts
  Lair:2: 1190 daAuts
     D:7: 1146 daAuts
     D:1: 1122 daAuts
   Orc:2: 1107 daAuts
     D:6: 1074 daAuts
     D:5: 1045 daAuts
    D:12: 945 daAuts
  Lair:3: 921 daAuts
